 Dungeon Crawl Stone Soup version 0.27.1-35-g4d5d836560 (console) character file.

Game seed: 8862417145816504893

111 grimtooth the Conjurer (level 4, -2/24 HPs)
             Began as a Tengu Conjurer on Mar 24, 2022.
             Slain by a scorpion (7 damage)
             ... on level 3 of the Dungeon.
             The game lasted 00:09:21 (2243 turns).

grimtooth the Conjurer (Tengu Conjurer)             Turns: 2243, Time: 00:09:21

Health: -2/24      AC:  3    Str:  8    XL:     4   Next: 92%
Magic:  4/10       EV: 11    Int: 19    God:
Gold:   74         SH:  0    Dex: 12    Spells: 7/10 levels left

rFire    . . .     SeeInvis .   k - +0 whip
rCold    . . .     Faith    .   (no shield)
rNeg     . . .     Spirit   .   i - +0 leather armour
rPois    .         Reflect  .   (helmet restricted)
rElec    .         Harm     .   (no cloak)
rCorr    .         Rampage  .   (no gloves)
Will     .....                  (boots unavailable)
Stlth    ++........             (no amulet)
HPRegen  0.08/turn              (no ring)
MPRegen  0.12/turn              (no ring)

@: lethally poisoned (-2 -> -7)
A: beak, talons 3
a: no special abilities


You were on level 3 of the Dungeon.
You visited 1 branch of the dungeon, and saw 3 of its levels.

You collected 74 gold pieces.

Inventory:

Hand Weapons
 k - a +0 whip (weapon)
Missiles
 c - 16 arrows
 e - 65 stones (quivered)
 g - 41 sling bullets
Armour
 a - a +0 robe
 i - a +0 leather armour (worn)
Magical Staves
 q - a staff of air
 r - a staff of cold
Scrolls
 b - a scroll of identify {unknown}
 f - a scroll of immolation
 h - a scroll of acquirement {unknown}
 j - 2 scrolls of teleportation {unknown}
 m - a scroll of amnesia {unknown}
 n - a scroll of torment {unknown}
 o - a scroll of silence {unknown}
Potions
 d - a potion of curing {unknown}
 l - a potion of berserk rage {unknown}
 p - a potion of mutation {unknown}


   Skills:
 - Level 2.1 Dodging
 - Level 2.0 Stealth
 * Level 3.9 Spellcasting
 + Level 6.3 Conjurations


You had 7 spell levels left.
You knew the following spells:

 Your Spells              Type           Power      Damage    Failure   Level
a - Magic Dart            Conj           100%       1d8       1%          1
b - Searing Ray           Conj           54%        3d5       2%          2

Your spell library contained the following spells:

 Spells                   Type           Power      Damage    Failure   Level
 Dazzling Flash           Conj/Hex       30%        N/A       17%         3
 Passwall                 Tmut/Erth      2%         N/A       30%         2
 Fulminant Prism          Conj/Hex       7%         3d7       50%         4
 Iskenderun's Mystic Bla  Conj/Tloc      15%        2d5       50%         4
 Swiftness                Air            3%         N/A       52%         3
 Olgreb's Toxic Radiance  Pois           3%         N/A       90%         4
 Invisibility             Hex            1%         N/A       100%        6
 Ozocubu's Refrigeration  Ice            1%         4d5       100%        7
 Ignition                 Fire           1%         3d3       100%        8


Dungeon Overview and Level Annotations

Branches:
Dungeon (3/15)

Altars:
The Shining One

Shops:
D:1 (


Innate Abilities, Weirdness & Mutations

You have a beak for a mouth.
You have claws for feet.


Message History

Confirm with . or Enter, or press ? or * to list all spells.
Aiming: Searing Ray (safe; 2% risk of failure)
Press: ? - help, Shift-Dir - straight line, f/p - scorpion
Aim: a scorpion (lightly wounded, 79% to hit)
You miscast Searing Ray.
You are very lightly contaminated with residual magic.
Nothing appears to happen.
Casting: Searing Ray (safe; 2% risk of failure)
Confirm with . or Enter, or press ? or * to list all spells.
Aiming: Searing Ray (safe; 2% risk of failure)
Press: ? - help, Shift-Dir - straight line, f/p - scorpion
Aim: a scorpion (lightly wounded, 79% to hit)
The searing ray hits the orc.
The orc is almost dead.
The searing ray hits the scorpion!
The scorpion is heavily wounded. (Press . to maintain the ray.)
The orc hits you with a +0 mace. The scorpion stings you.
You are poisoned.
The scorpion poisons you!
You feel very sick.
You feel sick.
Your magical contamination has completely faded away.
Casting: Searing Ray (safe; 2% risk of failure)
Confirm with . or Enter, or press ? or * to list all spells.
Aiming: Searing Ray (safe; 2% risk of failure)
Press: ? - help, Shift-Dir - straight line, p - scorpion The searing ray hits the scorpion.
The scorpion is heavily wounded.
The searing ray hits the orc!
You kill the orc! (Press . to maintain the ray.)
You feel sick. The scorpion stings you.
* * * LOW HITPOINT WARNING * * *
The searing ray hits the scorpion!
The scorpion is almost dead.
* * * LOW HITPOINT WARNING * * *
You feel sick. The scorpion stings you!
You die...

#(.. .... ...# #..# ...####..#
#........# ### #.# ..# #.#####
#.# #)....# #.# #s###.#
#####.###@#.#.# #..........#..#
#.###.###.#...###.######.<
#.............# ##........
#####.#.#####.###.######...
#####.#.#..)#..#.÷# #.#
#.......#...#...### #.#
#.###...#...#...## #.#
#.##..##.###.##..## #.#
#.#...#.#...#†#...## ####.####
##...##.##...##.##..###........


You could see a scorpion.

Vanquished Creatures
  A hound skeleton (D:2)
  4 adders (D:2)
  A worm (D:3)
  An orc (D:3)
  9 ball pythons
  3 bats
  13 endoplasms
  7 goblins
  4 hobgoblins
  3 quokkas
  2 frilled lizards
  5 kobolds
  2 rats
55 creatures vanquished.

Notes
Turn   | Place    | Note
-------+----------+-------------------------------------------
     0 | D:1      | grimtooth the Tengu Conjurer began the quest for the Orb.
     0 | D:1      | Reached XP level 1. HP: 10/10 MP: 4/4
   102 | D:1      | Reached XP level 2. HP: 15/15 MP: 0/6
   343 | D:1      | Found Yshiubov's Weapon Emporium.
   566 | D:1      | Reached XP level 3. HP: 19/19 MP: 4/8
   613 | D:1      | Found a faded altar of an unknown god.
   663 | D:1      | - how did this scroll ID
  1062 | D:1      | Learned a level 2 spell: Searing Ray
  1283 | D:2      | Reached skill level 6 in Conjurations
  1283 | D:2      | Reached XP level 4. HP: 24/24 MP: 6/10
  1522 | D:2      | Found a glowing golden altar of the Shining One.
  2232 | D:3      | Noticed a scorpion
  2243 | D:3      | Slain by a scorpion

Illustrated notes

#...#..#.....##..#
#.#..#..._....+..#
#.#.....#.#......#
#.#....#.........#
#............#...#
#...#...^.#..#...#
#..#......#.#....##
#.##.............#
#. ##..####.######
##.###.####..#
#...@.......##
#.(.######### #...
..... ##...b ##...
#.). #...


Turn 663 on D:1: - how did this scroll ID

Levels and vault maps discovered:
D:1:      dpeg_arrival_tiny_i, layout_rooms, serial_shops,
          nicolae_shop_waterfront, hellmonk_ecumenical_altar_blasted
D:2:      layout_basic, basic_altar
D:3:      cheibrodos_greedy_goblins, layout_loops_corners, minmay_vboxes,
          uniq_natasha

Skill      XL: |  1  2  3 |
---------------+----------+-----
Spellcasting   | 3 |  3.9
Conjurations   | 6 |  6.3
Dodging        | |  2.1
Stealth        | |  2.0

Action                   |  1- 3 |  4- 6 || total
-------------------------+-------+-------++-------
Melee: Whip              |       |     4 ||     4
       Kick              |       |     1 ||     1
Throw: Stone             |       |     2 ||     2
 Cast: Magic Dart        |    60 |    28 ||    88
       Searing Ray       |     3 |     7 ||    10
Armor: Leather armour    |     1 |     5 ||     6
Dodge: Dodged            |     4 |     6 ||    10
